 Dungeon Crawl Stone Soup version 0.29-a0-378-gc08b2e8bf8 (webtiles) character file.

Game seed: 5758413674474859450

15225 Pelinal the Spry (level 12, -10/92 HPs)
             Began as a Merfolk Ice Elementalist on May 5, 2022.
             Was a Believer of Ashenzari.
             Engulfed by a cloud of flame (19 damage)
             ... in a volcano.
             The game lasted 00:42:13 (13754 turns).

Pelinal the Spry (Merfolk Ice Elementalist)        Turns: 13754, Time: 00:42:13

Health: -10/92     AC: 13    Str: 16    XL:     12   Next: 24%
Magic:  25/25      EV: 24    Int: 14    God:    Ashenzari [**....]
Gold:   555        SH:  0    Dex: 18    Spells: 22/29 levels left

rFire   . . .      SeeInvis +   U - +2 spear of Optimality {holy, rCorr}
rCold   . . .      Faith    .   (no shield)
rNeg    . . .      Spirit   .   m - +1 swamp dragon scales
rPois   +          Reflect  .   B - +1 hat "Clairvoyant Servitude" {Self, Comp} (curse)
rElec   .          Harm     .   (no cloak)
rCorr   +          Rampage  .   e - +0 pair of gloves "Pangnostic Submission" {Evo, Bglg} (curse)
Will    .....                   x - +0 pair of boots "Cursed With Me" {Alch, Fort} (curse)
Stlth   ++........              G - amulet of magic regeneration
HPRegen 0.25/turn               u - +4 ring of evasion
MPRegen 0.59/turn               L - +6 ring of strength

@: no status effects
A: (nimble swimmer 2), mertail
a: Renounce Religion, Curse Item, Shatter the Chains


You were in a volcano.
You worshipped Ashenzari.
Ashenzari was pleased with you.
You visited 3 branches of the dungeon, and saw 14 of its levels.
You also visited: Volcano.

You collected 681 gold pieces.
You spent 126 gold pieces at shops.

Inventory:

Hand Weapons
 a - a +2 whip of electrocution
 b - a +1 hunting sling of freezing
 H - a +3 falchion
 U - the +2 spear of Optimality (weapon) {holy, rCorr}
   (You found it on level 1 of the Lair of Beasts)

   It has been blessed by the Shining One to cause great damage to the undead
   and demons.
   rCorr:     It protects you from acid and corrosion.
Missiles
 o - 329 stones
 y - 4 poisoned darts
 z - 2 throwing nets
 C - 5 boomerangs
Armour
 e - the cursed +0 pair of gloves "Pangnostic Submission" (worn) {Evo, Bglg}
   (You found it on level 1 of the Dungeon)

   It has a curse which improves the following skills: Evocations: Evocations.
   Beguiling: Conjurations, Hexes and Translocations.
 m - +1 swamp dragon scales (worn)
 x - the cursed +0 pair of boots "Cursed With Me" (worn) {Alch, Fort}
   (You found it on level 3 of the Dungeon)

   It has a curse which improves the following skills: Alchemy: Poison Magic and
   Transmutations.
   Fortitude: Armour and Shields.
 B - the cursed +1 hat "Clairvoyant Servitude" (worn) {Self, Comp}
   (You found it on level 4 of the Dungeon)

   It has a curse which improves the following skills: Introspection: Fighting
   and Spellcasting.
   Companions: Summonings and Necromancy.
 I - +0 steam dragon scales
 V - a +0 pair of gloves
Magical Staves
 i - a staff of conjuration
Jewellery
 r - a ring of fire
 u - a +4 ring of evasion (left hand)
 v - an amulet of guardian spirit
 G - an amulet of magic regeneration (around neck)
 L - a +6 ring of strength (right hand)
Wands
 f - a wand of mindburst (17)
 p - a wand of iceblast (12)
 O - a wand of polymorph (13)
 R - a wand of digging (5)
Scrolls
 c - 2 scrolls of silence
 g - 4 scrolls of teleportation
 h - 2 scrolls of identify
 k - a scroll of fear
 n - 2 scrolls of poison
 t - 3 scrolls of amnesia
 D - a scroll of torment
 E - 2 scrolls of brand weapon
 F - 3 scrolls of fog
 K - 3 scrolls of magic mapping
 Q - a scroll of blinking
 S - a scroll of summoning
Potions
 d - 3 potions of attraction
 j - 3 potions of flight
 l - a potion of heal wounds
 q - 2 potions of lignification
 s - a potion of haste
 w - a potion of resistance
 A - a potion of invisibility
 J - a potion of might
 M - a potion of magic
 N - a potion of curing
 P - a potion of berserk rage
 T - 2 potions of ambrosia


   Skills:
 - Level 6.6(7.9) Fighting
 * Level 4.9 Polearms
 - Level 5.0(6.2) Armour
 - Level 15.5 Dodging
 - Level 2.4 Stealth
 - Level 8.0(9.3) Spellcasting
 - Level 2.0(3.0) Hexes
 - Level 10.0 Ice Magic


You had 22 spell levels left.
You knew the following spells:

 Your Spells              Type           Power      Damage    Failure   Level
a - Freeze                Ice            100%       1d11      1%          1
b - Frozen Ramparts       Ice            68%        1d8       1%          3
c - Ozocubu's Armour      Ice            34%        N/A       1%          3

Your spell library contained the following spells:

 Spells                   Type           Power      Damage    Failure   Level
 Slow                     Hex            60%        N/A       5%          1
 Confusing Touch          Hex            15%        N/A       17%         3
 Tukima's Dance           Hex            15%        N/A       17%         3
 Magic Dart               Conj           24%        1d4       19%         1
 Hailstorm                Conj/Ice       20%        3d6       24%         4
 Searing Ray              Conj           12%        2d4       28%         2
 Portal Projectile        Hex/Tloc       20%        N/A       30%         3
 Call Canine Familiar     Summ           6%         N/A       50%         3
 Vampiric Draining        Necr           6%         2d6       50%         3
 Fulminant Prism          Conj/Hex       5%         3d7       69%         4
 Leda's Liquefaction      Hex/Erth       5%         N/A       71%         4
 Passage of Golubria      Tloc           6%         N/A       88%         4
 Summon Mana Viper        Hex/Summ       10%        N/A       95%         5
 Ozocubu's Refrigeration  Ice            17%        4d8       95%         7
 Yara's Violent Unravell  Hex/Tmut       5%         3d4       96%         5
 Summon Forest            Summ/Tloc      3%         N/A       99%         5
 Summon Cactus Giant      Summ           3%         N/A       100%        6


Dungeon Overview and Level Annotations

Branches:
Dungeon (11/15)            Temple (1/1) D:7            Lair (2/6) D:8
Volcano (1/1)
  Swamp: Lair:2-4    Shoals: Lair:2-4     Snake: Lair:2-4    Spider: Lair:2-4
    Orc: D:9-12

Altars:
Ashenzari
Cheibriados
Dithmenos
Elyvilon
Fedhas
Gozag
Hepliaklqana
Kikubaaqudgha
Makhleb
Nemelex Xobeh
Qazlal
Ru
Sif Muna
Uskayaw
Vehumet
Wu Jian
Xom
Yredelemnul
The Shining One
Beogh

Shops:
D:5 ?

Annotations:
D:9 Amaemon, Gastronok


Innate Abilities, Weirdness & Mutations

((You are very nimble when in or above water. (Stealth+, EV+, Speed+++)))
Your lower body shifts to a powerful aquatic tail in water.


Message History

Press: ? - help, Shift-Dir - straight line, f/p - lava snake
Aim: a lava snake (lava, heavily wounded, catching its breath)
The mass of ice explodes!
The iceblast engulfs the lava snake!
The lava snake is frozen!
The lava snake is almost dead.
Unknown command.
Aiming: Iceblast
Press: ? - help, Shift-Dir - straight line, f/p - lava snake
Aim: a lava snake (lava, almost dead, catching its breath)
The mass of ice explodes!
The iceblast engulfs the lava snake!!
The lava snake is frozen!
You kill the lava snake!
A lava snake comes into view.
There are no items here.
Unknown command.
The lava snake hisses angrily.
Aiming: Iceblast
Press: ? - help, Shift-Dir - straight line, f - lava snake
Aim: a lava snake (lava)
The mass of ice explodes!
The iceblast engulfs the lava snake!
The lava snake is frozen!
The lava snake is almost dead.
The volcano roars to life, belching forth lava!
You are engulfed in blazing flames.
The lava snake spits lava at you. The glob of lava misses you.
You are engulfed in blazing flames.
Aiming: Iceblast
Press: ? - help, Shift-Dir - straight line, f/p - lava snake
Aim: a lava snake (lava, almost dead)
The mass of ice explodes!
The iceblast engulfs the lava snake!
The lava snake is frozen!
You kill the lava snake!
Unknown command.
The air gets thick with the scent of sulphur.
The volcano roars to life, belching forth lava!
You are engulfed in blazing flames.
* * * LOW HITPOINT WARNING * * *
You are engulfed in blazing flames.
You die...

##### .##.#####
........####
.§§....§§.○#######
§≈≈§≈≈§§...°○○☼☼@###
≈§≈§≈≈≈≈≈.○○°☼○○○°○###
≈≈§§≈§≈§§≈☼○☼○○☼○.○○☼###
§≈≈§§≈≈≈§§°§§○☼☼☼○○○○☼○#
≈≈≈§§≈≈≈≈§°○○§§○○°○°○○#####
§≈≈≈§§≈§§§☼°○§○§○§°○°○○○.∩#
§§≈§§§≈§≈○§○☼○§§§○☼.○○○###
, ...≈§§§§§≈°○☼☼§≈§○§○○○☼.#
* * ≈§≈§≈☼○§☼○§§§°○○○○○.##


There were no monsters in sight!

Vanquished Creatures
  Harold (D:9)
  A hydra (Lair:1)
  A two-headed ogre (D:6)
  Pikel (D:7)
  A cyclops (D:7)
  Joseph (D:8)
  10 elephants (Lair:1)
  Maggie (D:7)
  A cane toad (Lair:1)
  A rime drake (Lair:1)
  4 komodo dragons
  3 blink frogs (Lair:2)
  2 wyverns (D:9)
  5 yaks (Lair:1)
  A fire bat (Volcano)
  2 steam dragons
  2 water moccasins
  3 ice beasts (D:6)
  3 orc warriors
  3 ogres
  14 wolves
  2 centaurs
  A lemure (D:7)
  5 necrophages
  5 bullfrogs
  4 scorpions
  6 wights
  5 killer bees (D:5)
  2 centaur zombies (D:8)
  3 lava snakes (Volcano)
  12 hounds
  2 jellies (D:5)
  4 orc priests
  3 iguanas
  A human zombie (D:8)
  8 orc wizards
  4 killer bee zombies (D:8)
  A mummy (D:8)
  5 gnolls
  5 adders
  2 shadow imps (D:6)
  A white imp (D:8)
  3 ufetubi
  A worm (D:2)
  4 dart slugs
  51 orcs
  7 bats
  5 endoplasms
  3 giant cockroaches
  4 goblins
  12 hobgoblins
  9 jackals
  2 quokkas
  4 ball pythons
  3 frilled lizards
  3 kobolds
  3 rats
256 creatures vanquished.

Vanquished Creatures (others)
  A bush (Lair:1)
  6 fungi (D:8)
  45 plants
52 creatures vanquished.

Grand Total: 308 creatures vanquished

Notes
Turn   | Place    | Note
-------+----------+-------------------------------------------
     0 | D:1      | Pelinal the Merfolk Ice Elementalist began the quest for
                  | the Orb.
     0 | D:1      | Reached XP level 1. HP: 13/13 MP: 3/3
   346 | D:1      | Reached XP level 2. HP: 18/19 MP: 3/5
   437 | D:1      | Reached skill level 3 in Dodging
  1012 | D:1      | Found a faded altar of an unknown god.
  1422 | D:1      | Reached XP level 3. HP: 24/24 MP: 3/6
  1620 | D:2      | Reached skill level 5 in Ice Magic
  2264 | D:3      | Found a shimmering altar of Xom.
  2269 | D:3      | Reached XP level 4. HP: 30/30 MP: 8/8
  2491 | D:3      | Learned a level 3 spell: Frozen Ramparts
  2495 | D:3      | Learned a level 3 spell: Ozocubu's Armour
  2575 | D:3      | Found a stormy altar of Qazlal.
  2579 | D:3      | Noticed an ice beast
  2758 | D:3      | Reached XP level 5. HP: 29/35 MP: 5/9
  2957 | D:3      | Reached skill level 4 in Dodging
  3047 | D:3      | Noticed a +0 dagger
  3048 | D:3      | Noticed a +0 hand axe
  3051 | D:3      | Found a hide-covered altar of Uskayaw.
  3105 | D:3      | Noticed an ogre
  3116 | D:3      | Killed an ogre
  3117 | D:3      | Reached XP level 6. HP: 41/41 MP: 0/10
  3773 | D:5      | Entered Level 5 of the Dungeon
  3773 | D:5      | Found Weebb's Magic Scroll Shoppe.
  3783 | D:5      | Reached skill level 5 in Dodging
  3791 | D:5      | HP: 2/41 [killer bee (6)]
  3792 | D:5      | Reached XP level 7. HP: 3/46 MP: 7/11
  4002 | D:5      | Reached skill level 6 in Dodging
  4006 | D:5      | Bought a scroll of noise for 14 gold pieces
  4011 | D:5      | Bought a scroll of identify for 28 gold pieces
  4011 | D:5      | Bought a scroll of identify for 28 gold pieces
  4011 | D:5      | Bought a scroll of identify for 28 gold pieces
  4011 | D:5      | Bought a scroll of identify for 28 gold pieces
  4069 | D:5      | Found a radiant altar of Vehumet.
  4376 | D:5      | Reached XP level 8. HP: 52/52 MP: 3/12
  4750 | D:5      | Found a shimmering blue altar of Sif Muna.
  4771 | D:5      | Reached skill level 7 in Dodging
  5876 | D:6      | Reached skill level 10 in Ice Magic
  5953 | D:6      | Noticed a two-headed ogre
  5968 | D:6      | Killed a two-headed ogre
  5969 | D:6      | Reached skill level 9 in Dodging
  5969 | D:6      | Reached XP level 9. HP: 54/57 MP: 2/15
  5998 | D:7      | Reached skill level 10 in Dodging
  6154 | D:7      | Found a runed translucent door.
  6262 | D:7      | Reached skill level 11 in Dodging
  6308 | D:7      | Noticed a cyclops
  6928 | D:6      | Reached skill level 5 in Spellcasting
  7230 | D:7      | Noticed Maggie
  7267 | D:7      | Killed a cyclops
  7268 | D:7      | Reached skill level 12 in Dodging
  7588 | D:7      | Reached XP level 10. HP: 63/63 MP: 10/18
  7605 | D:7      | Noticed Pikel
  7617 | D:7      | Killed Pikel
  7618 | D:7      | Reached skill level 13 in Dodging
  7811 | D:7      | Found a glowing golden altar of the Shining One.
  8157 | D:7      | Killed Maggie
  8423 | D:7      | Found a burning altar of Makhleb.
  8593 | D:7      | Found a staircase to the Ecumenical Temple.
  8599 | Temple   | Entered the Ecumenical Temple
  8639 | Temple   | Became a worshipper of Ashenzari the Shackled
  8959 | D:8      | Found a white marble altar of Elyvilon.
  9079 | D:8      | Reached skill level 1 in Armour
  9149 | D:8      | Found an ancient bone altar of Kikubaaqudgha.
  9383 | D:8      | Noticed Joseph
  9403 | D:8      | Killed Joseph
  9757 | D:8      | Found a staircase to the Lair.
 10419 | D:8      | Reached XP level 11. HP: 37/68 MP: 17/22
 10594 | D:9      | Noticed Amaemon
 10676 | D:9      | Noticed Gastronok
 10696 | D:9      | Noticed Harold
 10713 | D:9      | Killed Harold
 10756 | D:9      | You fall into a shaft and drop 2 floors!
 10940 | D:10     | Entered Level 10 of the Dungeon
 10989 | Lair:1   | Entered Level 1 of the Lair of Beasts
 11036 | Lair:1   | Reached skill level 5 in Armour
 11059 | Lair:1   | Reached skill level 1 in Fighting
 11104 | Lair:1   | Reached skill level 14 in Dodging
 11572 | Lair:1   | Noticed a seven-headed hydra
 11594 | Lair:1   | Killed a seven-headed hydra
 11989 | Lair:1   | Reached * piety under Ashenzari
 12420 | Lair:1   | Reached skill level 5 in Fighting
 12437 | Lair:1   | Reached skill level 15 in Dodging
 12734 | Lair:1   | Identified the cursed +0 pair of boots "Cursed With Me"
                  | {Alch, Fort} (You found it on level 3 of the Dungeon)
 12808 | Lair:1   | Reached XP level 12. HP: 49/88 MP: 24/24
 13057 | Lair:1   | Reached ** piety under Ashenzari
 13273 | Lair:1   | Identified the +2 spear of Optimality {holy, rCorr}
 13307 | Lair:1   | Reached skill level 1 in Polearms
 13524 | Lair:2   | Reached skill level 1 in Hexes
 13577 | Lair:2   | Found a dark tunnel.
 13582 | Volcano  | Entered a volcano
 13754 | Volcano  | Engulfed by a cloud of flame

Illustrated notes

Levels and vault maps discovered:
D:1:      minmay_arrival_nine_rooms, layout_basic, basic_ecumenical_altar
D:2:      layout_basic
D:3:      layout_loops_corners, nicolae_overflow_crystal_walls,
          mainiacjoe_overflow_concentric_impassable, dancing_weapons_uskayaw,
          cheibrodos_gnoll_hut
D:4:      layout_rooms
D:5:      layout_basic, amcnicky_altar_gilded, mainiacjoe_overflow_paths,
          serial_shops, nicolae_stop_n_shop_2
D:6:      layout_basic
D:7:      layout_basic, general_overflow_altar,
          mainiacjoe_overflow_cross_hatched, minmay_temple_entry_metal_lava,
          lightli_ossuary_entry_decrepit_ruins, lightli_church_of_beogh,
          uniq_pikel, uniq_maggie
D:8:      layout_basic, lemuel_mausoleum_altar_kikubaaqudgha, elyvilon_altar_5,
          grunt_lair_entry_orc_guard_hut, roderic_cross_of_infinity,
          patterned_corridor, uniq_joseph
D:9:      layout_stronghold, trog_ov_bears_minmay, zin_statuary, jiyva_altar_1,
          uniq_amaemon, uniq_harold, uniq_grum, uniq_gastronok
D:10:     layout_rooms, overflow_temple_1_default, gammafunk_ghost_spectres
D:11:     layout_roguey
Temple:   chequers_temple_sunken
Lair:1:   beast_lair_carwin_large_3, layout_cave_shapes,
          nicolae_lair_grazing_beasts [nicolae_sub_lair_graze_edge,
          nicolae_sub_lair_graze_edge, nicolae_sub_lair_graze_edge,
          nicolae_sub_lair_graze_edge], lemuel_fruit_tree
Lair:2:   layout_regular_city, portal_ice_cave_rime, enter_volcano_1
Volcano:  volcano_lake [vl_original]

Skill      XL: |  1  2  3  4  5  6  7  8  9 10 11 12 |
---------------+-------------------------------------+-----
Dodging        | 3 4 5 6 9 12 13 15 | 15.5
Ice Magic      | 5 6 7 8 10 | 10.0
Spellcasting   | 3 4 5 7 8 |  8.0
Armour         | 3 5 |  5.0
Fighting       | 6 |  6.6
Polearms       | 4 |  4.9
Hexes          | 2 |  2.0
Stealth        | |  2.4

Action                   |  1- 3 |  4- 6 |  7- 9 | 10-12 || total
-------------------------+-------+-------+-------+-------++-------
Melee: Short sword       |    18 |    13 |    21 |       ||    52
       Punch             |     1 |       |     1 |     5 ||     7
       Falchion          |       |       |   118 |    13 ||   131
       Whip              |       |       |       |   313 ||   313
       Tailslap          |       |       |       |     8 ||     8
       Spear             |       |       |       |    43 ||    43
 Fire: Hunting sling     |    10 |    33 |    68 |       ||   111
 Cast: Freeze            |    55 |    20 |    67 |    43 ||   185
       Frozen Ramparts   |       |     5 |    19 |    36 ||    60
       Ozocubu's Armour  |       |     2 |    15 |    25 ||    42
Invok: Curse Item        |       |       |       |     3 ||     3
Evoke: Wand              |       |       |       |     7 ||     7
  Use: Scroll            |       |     4 |     5 |    10 ||    19
       Potion            |       |     2 |     9 |     4 ||    15
 Stab: Sleeping          |     3 |     2 |       |     3 ||     8
Armor: Robe              |     8 |    14 |    32 |     7 ||    61
       Swamp dragon scal |       |       |       |   123 ||   123
       Steam dragon scal |       |       |       |     3 ||     3
Dodge: Dodged            |    46 |    68 |   220 |   568 ||   902

Table legend: (Time is in decaauts)
 A = Elapsed time spent in this place.
 B = Non-inter-level travel time spent in this place.
 C = Inter-level travel time spent in this place.
 D = Time resting spent in this place.
 E = Time spent auto-exploring this place.
 F = Levels seen in this place.
 G = Mean time per level.
                   A        B        C        D        E       F      G
               +--------+--------+--------+--------+--------+-----+--------+
         Total |  13803 |  13396 |    407 |   2567 |   7104 |  15 |  920.2 |
       Dungeon |  10987 |  10631 |    356 |   1453 |   6225 |  11 |  998.8 |
        Temple |     45 |     38 |      7 |      0 |      0 |   1 |   45.0 |
          Lair |   2599 |   2555 |     44 |   1114 |    879 |   2 | 1299.5 |
       Volcano |    171 |    171 |      0 |      0 |      0 |   1 |  171.0 |
               +--------+--------+--------+--------+--------+-----+--------+

Top non-repeatable levels by time:
  Lair:1: 2525 daAuts
     D:7: 2152 daAuts
     D:8: 1710 daAuts
     D:5: 1668 daAuts
     D:1: 1474 daAuts
     D:6: 1340 daAuts
     D:3: 1084 daAuts
     D:2: 737 daAuts
     D:4: 495 daAuts
    D:11: 195 daAuts
 Volcano: 171 daAuts
     D:9: 119 daAuts
  Lair:2: 74 daAuts
  Temple: 45 daAuts
    D:10: 9 daAuts
